TOP OF THE 1ST |
Louisville Stallions batting - Pitching for Syracuse Chiefs : RHP Ramon Mendoza
|
Pitching: RHP Ramon Mendoza
|
|
Batting: LHB Mauricio Gracia
|
0-0: SINGLE (Groundball, 4MD, EV 111.3 MPH)
|
Batting: SHB Gerald DeSimone
|
0-0: Called Strike 0-1: Fielders Choice at 2nd, 5-4 (Groundball, 56, EV 107.5 MPH)
|
Batting: LHB Claudell Washington
|
0-0: Called Strike 0-1: Swinging Strike 0-2: SINGLE (Line Drive, 6M, EV 103.1 MPH) Gerald DeSimone to second
|
Batting: SHB Orestes Destrade
|
0-0: Ball 1-0: Called Strike 1-1: Foul Ball, location: 2F 1-2: Strikes out swinging
|
Batting: RHB Devin Pike
|
0-0: Ball 1-0: Foul Ball, location: 2F 1-1: Called Strike 1-2: Fly out, F6 (Popup, 6, EV 59.4 MPH)
|
Top of the 1st over - 0 runs, 2 hits, 0 errors, 2 left on base; Louisville 0 - Syracuse 0 |
BOTTOM OF THE 1ST |
Syracuse Chiefs batting - Pitching for Louisville Stallions : RHP Sal Velazquez
|
Pitching: RHP Sal Velazquez
|
|
Batting: LHB Darryl Strawberry
|
0-0: Fly out, F9 (Flyball, 89S, EV 82.5 MPH)
|
Batting: RHB Phil Garner
|
0-0: Swinging Strike 0-1: Ball 1-1: Ball 2-1: DOUBLE (Line Drive, 7LM, EV 104.4 MPH)
|
Batting: RHB Dave Meier
|
0-0: Ball 1-0: Foul Ball, location: 2F 1-1: Ball 2-1: Fly out, F8 (Flyball, 8RM, EV 75.6 MPH)
|
Batting: LHB Wayne Gross
|
0-0: Ball 1-0: Ball 2-0: Called Strike 2-1: Reached on error, E2 (Groundball, 13S, EV 68.8 MPH) Phil Garner to third
|
Batting: RHB Jim G Wilson
|
0-0: Ball 1-0: Called Strike 1-1: SINGLE (Line Drive, 7S, EV 101.9 MPH) Phil Garner scores Wayne Gross to second
|
Batting: LHB Paul O'Neill
|
0-0: Ball 1-0: Ball 2-0: Ball 3-0: Called Strike 3-1: Base on Balls Wayne Gross to third Jim G Wilson to second
|
Batting: RHB Bobby Grich
|
0-0: Ball 1-0: Ball 2-0: Called Strike 2-1: Foul Ball, location: 2F 2-2: Fielders Choice at 2nd, 6-4 (Groundball, 6, EV 81.3 MPH)
|
Bottom of the 1st over - 1 run, 2 hits, 1 error, 3 left on base; Louisville 0 - Syracuse 1 |
TOP OF THE 2ND |
Louisville Stallions batting - Pitching for Syracuse Chiefs : RHP Ramon Mendoza
|
Batting: LHB Ted May
|
0-0: Ball 1-0: Ball 2-0: Ground out 4-3 (Groundball, 34, EV 83.1 MPH)
|
Batting: RHB Kelly Heath
|
0-0: Ball 1-0: Called Strike 1-1: SINGLE (Flyball, 8RS, EV 91.9 MPH)
|
Batting: LHB Joe Lefebvre
|
0-0: Foul Ball, location: 2F 0-1: Swinging Strike 0-2: Ball 1-2: Strikes out swinging
|
Batting: LHB John Tucker
|
0-0: Foul Ball, location: 2F 0-1: Fly out, F9 (Flyball, 9LM, EV 76.9 MPH)
|
Top of the 2nd over - 0 runs, 1 hit, 0 errors, 1 left on base; Louisville 0 - Syracuse 1 |
BOTTOM OF THE 2ND |
Syracuse Chiefs batting - Pitching for Louisville Stallions : RHP Sal Velazquez
|
Batting: LHB Jon Jimenez
|
0-0: Ball 1-0: Fly out, F5 (Line Drive, 5, EV 69.4 MPH)
|
Batting: SHB Al Pardo
|
0-0: Reached on error, E5 (Groundball, 5, EV 81.9 MPH)
|
Batting: LHB Darryl Strawberry
|
0-0: Foul Ball, location: 2F 0-1: Ball 1-1: Foul Ball, location: 2F 1-2: Ball 2-2: Foul Ball, location: 2F 2-2: Fielders Choice at 2nd, 6-4 (Groundball, 6, EV 81.9 MPH)
|
Batting: RHB Phil Garner
|
0-0: Ball 1-0: Foul Ball, location: 2F 1-1: Fielders Choice at 2nd, 6-4 (Groundball, 6, EV 93.8 MPH)
|
Bottom of the 2nd over - 0 runs, 0 hits, 1 error, 1 left on base; Louisville 0 - Syracuse 1 |
TOP OF THE 3RD |
Louisville Stallions batting - Pitching for Syracuse Chiefs : RHP Ramon Mendoza
|
Batting: LHB Mauricio Gracia
|
0-0: Ground out 4-3 (Groundball, 4, EV 85.0 MPH)
|
Batting: SHB Gerald DeSimone
|
0-0: Called Strike 0-1: Ball 1-1: Foul Ball, location: 2F 1-2: Reached on error, E6 (Groundball, 56, EV 87.5 MPH)
|
Batting: LHB Claudell Washington
|
0-0: Ball 1-0: Foul Ball, location: 2F 1-1: Ball 2-1: Called Strike 2-2: Foul Ball, location: 2F 2-2: Strikes out looking
|
Batting: SHB Orestes Destrade
|
0-0: Ball 1-0: Ball 2-0: Called Strike 2-1: Swinging Strike 2-2: Strikes out swinging
|
Top of the 3rd over - 0 runs, 0 hits, 1 error, 1 left on base; Louisville 0 - Syracuse 1 |
BOTTOM OF THE 3RD |
Syracuse Chiefs batting - Pitching for Louisville Stallions : RHP Sal Velazquez
|
Batting: RHB Dave Meier
|
0-0: Ball 1-0: Foul Ball, location: 2F 1-1: Swinging Strike 1-2: Ground out 5-3 (Groundball, 56S, EV 70.6 MPH)
|
Batting: LHB Wayne Gross
|
0-0: Ball 1-0: Foul Ball, location: 2F 1-1: Ball 2-1: Ground out 4-3 (Groundball, 4, EV 90.6 MPH)
|
Batting: RHB Jim G Wilson
|
0-0: Called Strike 0-1: Ball 1-1: Ground out 6-3 (Groundball, P, EV 82.5 MPH)
|
Bottom of the 3rd over - 0 runs, 0 hits, 0 errors, 0 left on base; Louisville 0 - Syracuse 1 |
TOP OF THE 4TH |
Louisville Stallions batting - Pitching for Syracuse Chiefs : RHP Ramon Mendoza
|
Batting: RHB Devin Pike
|
0-0: Foul Ball, location: 2F 0-1: Foul Ball, location: 2F 0-2: Ball 1-2: Ball 2-2: Ball 3-2: Foul Ball, location: 2F 3-2: Base on Balls
|
Batting: LHB Ted May
|
0-0: Called Strike 0-1: Foul Ball, location: 2F 0-2: Ball 1-2: Foul Ball, location: 2F 1-2: Foul Ball, location: 2F 1-2: Ball 2-2: Ball 3-2: Fly out, F9 (Flyball, 89M, EV 87.5 MPH)
|
Batting: RHB Kelly Heath
|
0-0: Ball 1-0: Ball 2-0: Ball 3-0: Called Strike 3-1: Fly out, F7 (Flyball, 7, EV 80.6 MPH)
|
Batting: LHB Joe Lefebvre
|
0-0: Ball 1-0: Ball 2-0: Foul Ball, location: 2F 2-1: Ball 3-1: Foul Ball, location: 2F 3-2: Strikes out swinging
|
Top of the 4th over - 0 runs, 0 hits, 0 errors, 1 left on base; Louisville 0 - Syracuse 1 |
BOTTOM OF THE 4TH |
Syracuse Chiefs batting - Pitching for Louisville Stallions : RHP Sal Velazquez
|
Batting: LHB Paul O'Neill
|
0-0: Called Strike 0-1: Fly out, F8 (Flyball, 8RD, EV 89.4 MPH)
|
Batting: RHB Bobby Grich
|
0-0: Ball 1-0: Ground out 6-3 (Groundball, 6, EV 78.8 MPH)
|
Batting: LHB Jon Jimenez
|
0-0: Swinging Strike 0-1: Swinging Strike 0-2: Strikes out looking
|
Bottom of the 4th over - 0 runs, 0 hits, 0 errors, 0 left on base; Louisville 0 - Syracuse 1 |
TOP OF THE 5TH |
Louisville Stallions batting - Pitching for Syracuse Chiefs : RHP Ramon Mendoza
|
Batting: LHB John Tucker
|
0-0: Ball 1-0: Ball 2-0: Called Strike 2-1: Called Strike 2-2: Ball 3-2: Base on Balls
|
Batting: LHB Mauricio Gracia
|
0-0: Ball 1-0: Bunt missed! 1-1: Bunt missed! 1-2: Ball 2-2: Fielders Choice at 2nd, 3-6 (Groundball, 3, EV 101.9 MPH)
|
Batting: SHB Gerald DeSimone
|
0-0: Ball 1-0: Fielders Choice at 2nd, 3-6 (Groundball, 3S, EV 86.9 MPH)
|
Batting: LHB Claudell Washington
|
0-0: Ball 1-0: Ground out 4-3 (Groundball, 4, EV 84.4 MPH)
|
Top of the 5th over - 0 runs, 0 hits, 0 errors, 1 left on base; Louisville 0 - Syracuse 1 |
BOTTOM OF THE 5TH |
Syracuse Chiefs batting - Pitching for Louisville Stallions : RHP Sal Velazquez
|
Batting: SHB Al Pardo
|
0-0: Foul Ball, location: 2F 0-1: Fly out, F3 (Line Drive, 3, EV 73.8 MPH)
|
Batting: LHB Darryl Strawberry
|
0-0: Called Strike 0-1: Foul Ball, location: 2F 0-2: Foul Ball, location: 2F 0-2: Ball 1-2: Ball 2-2: Ball 3-2: Foul Ball, location: 2F 3-2: Ground out 3-1 (Groundball, 34, EV 83.1 MPH)
|
Batting: RHB Phil Garner
|
0-0: Ball 1-0: Fly out, F8 (Line Drive, 8LM, EV 105.0 MPH)
|
Bottom of the 5th over - 0 runs, 0 hits, 0 errors, 0 left on base; Louisville 0 - Syracuse 1 |
TOP OF THE 6TH |
Louisville Stallions batting - Pitching for Syracuse Chiefs : RHP Ramon Mendoza
|
Batting: SHB Orestes Destrade
|
0-0: Foul Ball, location: 2F 0-1: Ball 1-1: Foul Ball, location: 2F 1-2: Strikes out swinging
|
Batting: RHB Devin Pike
|
0-0: Ball 1-0: Ball 2-0: Ground out U3 (Groundball, 3, EV 109.4 MPH)
|
Batting: LHB Ted May
|
0-0: Swinging Strike 0-1: Ball 1-1: Swinging Strike 1-2: Foul Ball, location: 2F 1-2: Strikes out swinging
|
Top of the 6th over - 0 runs, 0 hits, 0 errors, 0 left on base; Louisville 0 - Syracuse 1 |
BOTTOM OF THE 6TH |
Syracuse Chiefs batting - Pitching for Louisville Stallions : RHP Sal Velazquez
|
Batting: RHB Dave Meier
|
0-0: Called Strike 0-1: Foul Ball, location: 2F 0-2: Ground out 6-3 (Groundball, 6, EV 106.3 MPH)
|
Batting: LHB Wayne Gross
|
0-0: Ground out 4-3 (Groundball, 4, EV 83.1 MPH)
|
Batting: RHB Jim G Wilson
|
0-0: Ball 1-0: Foul Ball, location: 2F 1-1: Ball 2-1: Foul Ball, location: 2F 2-2: Strikes out looking
|
Bottom of the 6th over - 0 runs, 0 hits, 0 errors, 0 left on base; Louisville 0 - Syracuse 1 |
TOP OF THE 7TH |
Louisville Stallions batting - Pitching for Syracuse Chiefs : RHP Ramon Mendoza
|
Batting: RHB Kelly Heath
|
0-0: Called Strike 0-1: Ground out 6-3 (Groundball, 56, EV 100.6 MPH)
|
Batting: LHB Joe Lefebvre
|
0-0: Ball 1-0: Called Strike 1-1: Ball 2-1: Ball 3-1: Base on Balls
|
Batting: LHB John Tucker
|
0-0: Called Strike 0-1: Called Strike 0-2: Foul Ball, location: 2F 0-2: SINGLE (Groundball, 4D, EV 109.4 MPH) Joe Lefebvre to second Runner from 2nd tries for 3rd, SAFE, throw by RF made to third
|
Batting: LHB Mauricio Gracia
|
0-0: Swinging Strike 0-1: Foul Ball, location: 2F 0-2: Ball 1-2: Foul Ball, location: 2F 1-2: Foul Ball, location: 2F 1-2: Foul Ball, location: 2F 1-2: Foul Ball, location: 2F 1-2: Foul Ball, location: 2F 1-2: Foul Ball, location: 2F 1-2: Ball 2-2: Fly out, F9 (Flyball, 89M, EV 97.5 MPH)
|
Batting: SHB Gerald DeSimone
|
0-0: Ball 1-0: Called Strike 1-1: Ball 2-1: Foul Ball, location: 2F 2-2: Ball 3-2: Fly out, F5 (Popup, 56, EV 69.4 MPH)
|
Top of the 7th over - 0 runs, 1 hit, 0 errors, 2 left on base; Louisville 0 - Syracuse 1 |
BOTTOM OF THE 7TH |
Syracuse Chiefs batting - Pitching for Louisville Stallions : RHP Sal Velazquez
|
Batting: LHB Paul O'Neill
|
0-0: Ball 1-0: Fly out, F7 (Line Drive, 7, EV 90.6 MPH)
|
Batting: RHB Bobby Grich
|
0-0: Ball 1-0: Swinging Strike 1-1: Ball 2-1: Called Strike 2-2: Strikes out swinging
|
Batting: LHB Jon Jimenez
|
0-0: Called Strike 0-1: SINGLE (Line Drive, 8LS, EV 112.5 MPH)
|
Batting: SHB Al Pardo
|
0-0: Ball 1-0: Ground out 4-3 (Groundball, 4, EV 81.9 MPH)
|
Bottom of the 7th over - 0 runs, 1 hit, 0 errors, 1 left on base; Louisville 0 - Syracuse 1 |
TOP OF THE 8TH |
Louisville Stallions batting - Pitching for Syracuse Chiefs : RHP Ramon Mendoza
|
Batting: LHB Claudell Washington
|
0-0: Ball 1-0: Called Strike 1-1: Foul Ball, location: 2F 1-2: Ground out U3 (Groundball, 3, EV 86.9 MPH)
|
Batting: SHB Orestes Destrade
|
0-0: Ball 1-0: Ball 2-0: Foul Ball, location: 2F 2-1: Ball 3-1: Base on Balls
|
Pitching: LHP Jimmy Key
|
|
Batting: RHB Devin Pike
|
0-0: Swinging Strike 0-1: Ball 1-1: Called Strike 1-2: Strikes out swinging
|
Batting: LHB Ted May
|
0-0: Called Strike 0-1: Foul Ball, location: 2F 0-2: Foul Ball, location: 2F 0-2: Ball 1-2: Foul Ball, location: 2F 1-2: Ball 2-2: SINGLE (Line Drive, 6MD, EV 98.1 MPH) Orestes Destrade to second Runner from 2nd tries for 3rd, SAFE, throw by CF made to third
|
Batting: RHB Kelly Heath
|
0-0: Ball 1-0: Ball 2-0: Swinging Strike 2-1: Swinging Strike 2-2: Strikes out swinging
|
Top of the 8th over - 0 runs, 1 hit, 0 errors, 2 left on base; Louisville 0 - Syracuse 1 |
BOTTOM OF THE 8TH |
Syracuse Chiefs batting - Pitching for Louisville Stallions : RHP Sal Velazquez
|
Batting: LHB Darryl Strawberry
|
0-0: Fly out, F8 (Line Drive, 8LM, EV 105.0 MPH)
|
Batting: RHB Phil Garner
|
0-0: DOUBLE (Line Drive, 9LS, EV 101.3 MPH)
|
Batting: RHB Dave Meier
|
0-0: Ball 1-0: 2-RUN HOME RUN (Flyball, 7D, EV 104.4 MPH), Distance : 395 ft
|
Batting: LHB Wayne Gross
|
0-0: Ball 1-0: Foul Ball, location: 2F 1-1: Swinging Strike 1-2: Ball 2-2: Ball 3-2: Foul Ball, location: 2F 3-2: SINGLE (Groundball, 6D, EV 107.5 MPH)
|
Batting: RHB Jim G Wilson
|
0-0: Ball 1-0: Fly out, F9 (Flyball, 9LS, EV 88.8 MPH)
|
Batting: LHB Paul O'Neill
|
0-0: Fielders Choice at 2nd, 6-4 (Groundball, 6, EV 103.1 MPH)
|
Bottom of the 8th over - 2 runs, 3 hits, 0 errors, 1 left on base; Louisville 0 - Syracuse 3 |
TOP OF THE 9TH |
Louisville Stallions batting - Pitching for Syracuse Chiefs : LHP Jimmy Key
|
Batting: LHB Joe Lefebvre
|
0-0: Ball 1-0: Called Strike 1-1: Foul Ball, location: 2F 1-2: Fly out, F8 (Line Drive, 8LM, EV 91.9 MPH)
|
Batting: LHB John Tucker
|
0-0: Called Strike 0-1: Foul Ball, location: 2F 0-2: Ball 1-2: Ball 2-2: Strikes out swinging
|
Batting: LHB Mauricio Gracia
|
0-0: Ball 1-0: Swinging Strike 1-1: Ground out 4-3 (Groundball, 4M, EV 84.4 MPH)
|
Top of the 9th over - 0 runs, 0 hits, 0 errors, 0 left on base; Louisville 0 - Syracuse 3 |
|